 Dungeon Crawl Stone Soup version 0.20-a0-386-g2d247ea (webtiles) character file.

1344 Lindis the Poker (level 8, -1/65 HPs)
             Began as a Demonspawn Fighter on Dec 28, 2016.
             Was an Initiate of Gozag.
             Slain by an orc warrior
             ... wielding a +0 halberd
              (18 damage)
             ... on level 6 of the Dungeon.
             The game lasted 00:11:48 (5099 turns).

Lindis the Poker (Demonspawn Fighter)               Turns: 5099, Time: 00:11:48

Health: -1/65      AC: 11    Str: 18    XL:     8   Next: 36%
Magic:  0/8        EV:  7    Int: 10    God:    Gozag
Gold:   424        SH:  9    Dex: 13    Spells: 7/7 levels left

rFire  . . .     SeeInvis +     a - +0 trident
rCold  . . .     Gourm    .     n - +0 scale mail
rNeg   . . .     Faith    .     c - +0 shield
rPois  .         Spirit   +     (helmet restricted)
rElec  .         Reflect  .     d - +2 cloak
rCorr  .         Harm     .     e - +0 pair of gloves
MR     .....                    (no boots)
Stlth  ..........               (no amulet)
                                (no ring)
                                v - ring of see invisible

@: no status effects
A: horns 1, magic shield
a: Potion Petition, Call Merchant, Bribe Branch, Renounce Religion


You were on level 6 of the Dungeon.
You worshipped Gozag.
Gozag was aware of your devotion.
You were very hungry.

You visited 1 branch of the dungeon, and saw 6 of its levels.

You collected 474 gold pieces.
You paid 50 gold pieces to Gozag.

Inventory:

Hand Weapons
 a - a +0 trident (weapon)
 b - a +0 hunting sling
Missiles
 g - 210 stones (quivered)
 l - 26 sling bullets
 u - 9 bolts
Armour
 c - a +0 shield (worn)
 d - a +2 cloak (worn)
 e - a +0 pair of gloves (worn)
 n - a +0 scale mail (worn)
Jewellery
 v - a ring of see invisible (left hand)
Scrolls
 h - 2 scrolls of remove curse
 p - 2 scrolls of recharging
Potions
 i - 2 potions of agility
 k - a potion of invisibility
 m - 2 potions of cure mutation
 o - a potion of ambrosia {unknown}
 q - 2 potions of curing
 r - a potion of heal wounds {unknown}
 s - a potion of magic {unknown}
 t - a potion of degeneration {unknown}
Comestibles
 f - 6 bread rations
 j - a meat ration


   Skills:
 + Level 6.4 Fighting
 * Level 7.7 Polearms
 - Level 3.0 Armour
 - Level 3.0 Shields


You had 7 spell levels left.
You didn't know any spells.

Dungeon Overview and Level Annotations

Branches:
Dungeon (6/15)             Temple (0/1) D:5

Altars:
Ashenzari
Gozag
Kikubaaqudgha
Nemelex Xobeh
Okawaru
Vehumet
Yredelemnul

Shops:
D:3 *


Innate Abilities, Weirdness & Mutations

You have a pair of small horns on your head.
When hurt, damage is shared between your health and your magic reserves.


Message History

You are too injured to fight recklessly!
You are too injured to fight recklessly!
You hit the orc warrior.
You headbutt the orc warrior, but do no damage.
The orc warrior is almost dead.
You block the orc warrior's attack. The orc barely misses you.
You barely miss the orc warrior.
You headbutt the orc warrior, but do no damage.
The orc warrior is severely wounded.
The orc hits you but does no damage.
The orc warrior hits you with a halberd!
* * * LOW HITPOINT WARNING * * *
Your shield prevents you from hitting the orc warrior.
Your headbutt misses the orc warrior.
The orc warrior is severely wounded.
The orc hits you but does no damage.
It was a potion of curing.
You feel better.
The orc warrior hits you with a halberd!!
You die...
Your body crumbles into a pile of gold.

*,* *,* ***********,* *****,*
,,,,,,,,,**,*******#*,,,,,*
*,,,,***,**,,,,,,,.#*,*****
,,,,,***,#########.#*,*
,,,,,,,,,,....#....##.#
,,,,,***,**,#....o(o..#
,,,**,,,,,,,*,#o##,*****
,,,,,,,,,,,,*,#o@#,*,,,**
,,,,,,,,,,,,*,#..#,*,*,,****
,,,,,,,*,**,*,#...,,,*,,,,,*
,,,,**,*,**,*,#.#.#,,,,,**,*
,,,,,,,,,,*,*,#....,,,,,,*$*
,,,,****,,,,*,#.....*,,*,*,***
***,,,,,,,,,*,#......,,*,*,,,*
***,,,,,,,,,*,#.,....,,*,*,***
,,,,,,,,,,,,*,*,,,****,*,*,*


You could see an orc warrior and an orc.

Vanquished Creatures
  The ghost of morfei the Slasher, a novice OpBe of Trog (D:5)
  A phantom (D:3)
  2 ogres
  2 centaurs (D:5)
  3 scorpions
  A howler monkey (D:4)
  A crimson imp (D:5)
  Crazy Yiuf (D:3)
  An orc priest (D:3)
  3 worker ants
  3 orc wizards
  2 howler monkey zombies (D:5)
  8 adders
  A shadow imp (D:5)
  An adder skeleton (D:4)
  An adder zombie (D:5)
  4 worms
  4 dart slugs
  2 leopard geckos
  10 orcs
  9 bats
  4 giant cockroaches
  11 goblins
  9 hobgoblins
  4 jackals (D:1)
  3 quokkas
  4 frilled lizards
  A jackal skeleton (D:5)
  8 kobolds
  13 rats
  A fungus (D:3)
119 creatures vanquished.

Notes
Turn   | Place    | Note
-------+----------+-------------------------------------------
     0 | D:1      | Lindis the Demonspawn Fighter began the quest for the Orb.
     0 | D:1      | Reached XP level 1. HP: 18/18 MP: 1/1
   230 | D:1      | Gained mutation: When hurt, damage is shared between your health and your magic reserves. [demonic ancestry]
   230 | D:1      | Reached XP level 2. HP: 10/24 MP: 2/2
   253 | D:1      | Reached skill level 2 in Polearms
   698 | D:1      | Reached XP level 3. HP: 27/29 MP: 3/3
  1192 | D:2      | Found a radiant altar of Vehumet.
  1394 | D:2      | Gained mutation: You have a pair of small horns on your head. [demonic ancestry]
  1394 | D:2      | Reached XP level 4. HP: 26/36 MP: 4/4
  1497 | D:2      | Reached skill level 3 in Polearms
  1747 | D:2      | Found an ancient bone altar of Kikubaaqudgha.
  1747 | D:2      | Found a sparkling altar of Nemelex Xobeh.
  2094 | D:3      | Reached XP level 5. HP: 42/42 MP: 5/5
  2097 | D:3      | Found Gozag's Platinum Reserve.
  2623 | D:3      | Noticed an ogre
  2628 | D:3      | Killed an ogre
  2628 | D:3      | Reached skill level 4 in Polearms
  2628 | D:3      | Reached XP level 6. HP: 28/49 MP: 2/6
  2994 | D:3      | Reached skill level 5 in Polearms
  3043 | D:3      | Found an opulent altar of Gozag.
  3078 | D:3      | Became a worshipper of Gozag Ym Sagoz the Greedy
  3195 | D:3      | Found a runed door.
  3199 | D:3      | Noticed Crazy Yiuf
  3213 | D:3      | Killed Crazy Yiuf
  3617 | D:4      | Reached skill level 5 in Fighting
  3719 | D:4      | Reached XP level 7. HP: 56/56 MP: 7/7
  4138 | D:4      | Found a basalt altar of Yredelemnul.
  4138 | D:4      | Found a shattered altar of Ashenzari.
  4168 | D:5      | Entered Level 5 of the Dungeon
  4172 | D:5      | Found an iron altar of Okawaru.
  4178 | D:5      | Reached skill level 6 in Polearms
  4584 | D:5      | Found a staircase to the Ecumenical Temple.
  4761 | D:5      | Reached XP level 8. HP: 64/64 MP: 8/8
  4861 | D:5      | Reached skill level 7 in Polearms
  4874 | D:5      | Noticed morfei's ghost (novice OpBe)
  4898 | D:5      | Killed morfei's ghost
  5099 | D:6      | Slain by an orc warrior

Vault maps used:
D:1:      dpeg_arrival_circle_labyrinth_c
D:2:      kennysheep_six_static_rooms, vehumet_crystals,
          gammafunk_temple_overflow_elements
D:3:      wad_river_or_something, nicolae_gozag_zags_fifth_avenue,
          uniq_crazy_yiuf_cottage
D:4:      gammafunk_temple_overflow_pools, first_bread,
          minmay_misc_feat_pillars, grunt_decor_clamped
D:5:      okawaru_trees_2

Skill      XL: |  1  2  3  4  5  6  7  8 |
---------------+-------------------------+-----
Shields        | 3 |  3.0
Polearms       | 2 3 4 5 6 7 |  7.7
Armour         | 3 |  3.0
Fighting       | 4 5 6 |  6.4

Action                   |  1- 3 |  4- 6 |  7- 9 || total
-------------------------+-------+-------+-------++-------
Melee: Trident           |   129 |   214 |   129 ||   472
       Headbutt          |       |    25 |    29 ||    54
 Fire: Hunting sling     |    14 |    76 |    42 ||   132
  Use: Scroll            |       |     8 |     2 ||    10
       Potion            |       |     2 |     1 ||     3
  Eat: Chunk             |     1 |     5 |       ||     6
       Meat ration       |       |     1 |       ||     1
       Beef jerky        |       |     1 |       ||     1
Armor: Scale mail        |    43 |    63 |    48 ||   154
Dodge: Dodged            |    28 |    38 |    31 ||    97
Block: Shield            |    54 |    78 |    45 ||   177
